 Dungeon Crawl Stone Soup version 0.31-a0-180-g519b7de00c (webtiles) character file.

Game seed: 11057735634988707979

166 qw the Chopper (level 5, 0/32 HPs)
             Began as a Gargoyle Fighter on June 19, 2023.
             Slain by a lemure (5 damage)
             ... led by Pikel
             ... on level 4 of the Dungeon.
             The game lasted 00:01:08 (2731 turns).

qw the Chopper (Gargoyle Fighter)                   Turns: 2731, Time: 00:01:08

Health: 0/32       AC: 13    Str: 21    XL:     5   Next: 47%
Magic:  5/5        EV:  9    Int:  9    God:
Gold:   124        SH:  4    Dex:  9    Spells: 4/4 levels left

rFire   . . .        Y - +1 broad axe (freeze)
rCold   . . .        c - +0 buckler
rNeg    + . .        b - +0 scale mail
rPois   inf          a - +1 helmet
rElec   +            (no cloak)
rCorr   .            (no gloves)
SInv    .            (no boots)
Will    .....        (no amulet) Stlth
                     l - +4 ring of slaying {mikee}
HPRegen 0.25/turn    (no ring)
MPRegen 0.09/turn

%: no passive effects
@: no status effects
A: sickness immunity, AC +4, negative energy resistance 1, electricity
resistance, torment resistance 1, petrification resistance
a: no special abilities


You were on level 4 of the Dungeon.
You visited 1 branch of the dungeon, and saw 4 of its levels.

You collected 124 gold pieces.


Innate Abilities, Weirdness & Mutations

You are immune to sickness and miasma.
Your stone body is resilient. (AC +4)
You are immune to poison.
You resist negative energy. (rN+)
You are resistant to electric shocks. (rElec)
You are resistant to unholy torment.
You are immune to petrification.


   Skills:
 + Level 3.3 Fighting
 - Level 5.0 Axes
 - Level 3.2 Armour
 - Level 3.2 Shields


You had 4 spell levels left.
You didn't know any spells.
Your spell library was empty.

Inventory:

Hand Weapons
 g - a +0 flail
 Y - a +1 broad axe of freezing (weapon)
Armour
 a - a +1 helmet (worn)
 b - a +0 scale mail (worn)
 c - a +0 buckler (worn)
Jewellery
 l - a +4 ring of slaying (left hand) {mikee}
Scrolls
 j - a scroll of identify
Potions
 d - a potion of might
 e - 2 potions of curing
 f - a potion of resistance {unknown}
 h - a potion of brilliance {unknown}
 i - a potion of degeneration {unknown}
 k - a potion of lignification {unknown}
 m - a potion of attraction {unknown}

Dungeon Overview and Level Annotations

Branches:
Dungeon (4/15)
 Temple: D:4-7

Altars:

Annotations:
D:4 Pikel


Message History

You slash the endoplasm! You freeze the endoplasm.
You kill the endoplasm!
You hear the slow hiss of a very distant avalanche of sand.
You hear the slow hiss of a very distant avalanche of sand.
Found a leather armour.
A lemure comes into view.
The lemure shouts!
You hear a shout! x2
A lemure comes into view.
Pikel, Merchant of Souls comes into view.
He is wielding a +0 whip of freezing and carrying a wand of acid (5).
A lemure comes into view.
The lemure shouts!
A lemure comes into view.
The lemure shouts!
Found an embroidered scarf.
Found a stone staircase leading down.
The lemure hits you.
You see here 9 gold pieces.
You closely miss the lemure. You miss the lemure. The lemure barely misses you.
You barely miss the lemure. x2; You hit Pikel but do no damage.
The lemure hits you but does no damage. x2; The lemure hits you.
Pikel hits you but does no damage.
You slash the lemure! You freeze the lemure.
The lemure is heavily wounded.
You hit the lemure. You freeze the lemure. You slash Pikel! You freeze Pikel.
You barely miss the lemure. The lemure closely misses you.
Pikel zaps a wand.
The bolt of acid hits you! The lemure hits you. You block the lemure's attack.
You hit the lemure. You freeze the lemure.
The lemure is severely wounded.
You barely miss the lemure. x2; You slash Pikel!
You freeze Pikel. The lemure closely misses you.
The lemure hits you but does no damage. x2
Pikel barely misses you.
You closely miss the lemure.
The lemure is severely wounded.
You barely miss Pikel. You barely miss the lemure.
You completely miss the lemure. The lemure barely misses you.
Pikel hits you but does no damage. The lemure closely misses you.
The lemure barely misses you. The lemure hits you. Pikel closely misses you.
The lemure hits you.
You die...

.........#
#................#
.......[.........#
.................#
.................##
[..............<..#
>.................#
......55..........#
......K@..........####
......55..........##.###
#......#####.####.##....
#...... #.# #.##.###
#...... #.# #.##.#
####### #.####.##.#
#.........##
######.....# #####.#


You could see Pikel and 4 lemures.

Vanquished Creatures
  An orc wizard (D:3)
  4 adders
  4 gnolls
  3 dart slugs
  4 orcs (D:3)
  5 endoplasms
  4 giant cockroaches (D:1)
  2 goblins
  7 hobgoblins
  3 jackals (D:1)
  2 kobolds
  2 quokkas (D:1)
  3 ball pythons
  5 bats
  2 frilled lizards (D:1)
  5 rats
56 creatures vanquished.

Notes
Turn   | Place    | Note
-------+----------+-------------------------------------------
     0 | D:1      | qw the Gargoyle Fighter began the quest for the Orb.
     0 | D:1      | Reached XP level 1. HP: 14/14 MP: 1/1
     0 | D:1      | 0 ||| qw: Version: 0.3-a-7-ge0c9b40
     0 | D:1      | 0 ||| qw: Game counter: 1017
     0 | D:1      | 0 ||| qw: Always use a shield: true
     0 | D:1      | 0 ||| qw: God list: Okawaru
     0 | D:1      | 0 ||| qw: Allow faded altars: false
     0 | D:1      | 0 ||| qw: Do Orc after D:15 true
     0 | D:1      | 0 ||| qw: Do second Lair branch before Depths: true
     0 | D:1      | 0 ||| qw: Lair rune preference: random
     0 | D:1      | 0 ||| qw: Plans: Normal, Zot:1-4, Slime:5, God:TSO, Crypt,
                  | Tomb, Abyss, Pan, Hells, Win
     0 | D:1      | 0 ||| PLANNING D:1-11
    73 | D:1      | Reached skill level 2 in Axes
   142 | D:1      | Reached XP level 2. HP: 19/19 MP: 2/2
   272 | D:1      | 272 ||| Stepping ~*~*~tactically~*~*~ (stealth).
   308 | D:1      | 308 ||| Stepping ~*~*~tactically~*~*~ (stealth).
   392 | D:1      | Reached skill level 3 in Axes
   611 | D:1      | 611 ||| Stepping ~*~*~tactically~*~*~ (stealth).
   614 | D:1      | 614 ||| Stepping ~*~*~tactically~*~*~ (stealth).
   622 | D:1      | Reached XP level 3. HP: 22/23 MP: 3/3
   716 | D:1      | 716 ||| Stepping ~*~*~tactically~*~*~ (hiding).
   802 | D:1      | 802 ||| Stepping ~*~*~tactically~*~*~ (stealth).
  1091 | D:1      | 1091 ||| READING scroll labelled UVAKES YNAWK.
  1092 | D:1      | 1092 ||| READING scroll labelled GIKAED URUUCI.
  1093 | D:1      | 1093 ||| DRINKING 2 white potions.
  1512 | D:2      | 1512 ||| UPGRADING to +0 helmet.
  1517 | D:2      | 1517 ||| READING scroll labelled IPNIUS FEA.
  1530 | D:3      | Reached XP level 4. HP: 28/28 MP: 4/4
  1531 | D:3      | 1531 ||| STAIRDANCE
  1540 | D:2      | Reached skill level 4 in Axes
  1590 | D:3      | 1590 ||| DROPPING +0 whip.
  1695 | D:3      | 1695 ||| Stepping ~*~*~tactically~*~*~ (hiding).
  1696 | D:3      | 1696 ||| Stepping ~*~*~tactically~*~*~ (stealth).
  1705 | D:3      | 1705 ||| Stepping ~*~*~tactically~*~*~ (stealth).
  1709 | D:3      | 1709 ||| FLEEEEING.
  1711 | D:3      | 1711 ||| STAIRDANCE
  1782 | D:3      | Reached XP level 5. HP: 28/32 MP: 5/5
  1794 | D:3      | 1794 ||| Stepping ~*~*~tactically~*~*~ (stealth).
  2082 | D:3      | Reached skill level 5 in Axes
  2299 | D:3      | 2299 ||| SWAPPING to +1 broad axe of freezing.
  2300 | D:3      | 2300 ||| DROPPING +0 war axe.
  2332 | D:3      | 2332 ||| READING scroll of enchant armour.
  2332 | D:3      | 2332 ||| ENCHANTING +0 helmet.
  2601 | D:3      | 2601 ||| UPGRADING to +4 ring of slaying {mikee}.
  2602 | D:3      | 2602 ||| READING scroll labelled HUEBBE XUROA.
  2617 | D:4      | 2617 ||| PLANNING OSSUARY
  2723 | D:4      | Noticed a lemure
  2723 | D:4      | Noticed a lemure
  2723 | D:4      | Noticed Pikel
  2724 | D:4      | Noticed a lemure
  2725 | D:4      | Noticed a lemure
  2729 | D:4      | HP: 7/32 [lemure[Pikel] (6)]
  2731 | D:4      | Slain by a lemure

Levels and vault maps discovered:
D:1:      minmay_arrival_nine_rooms, layout_loops_corners, serial_rivers,
          chequers_serial_rivers_small_b, chequers_serial_rivers_micro_b,
          chequers_serial_rivers_micro_a, chequers_serial_rivers_room_a,
          chequers_serial_rivers_small_3, minmay_tromino_v4_c
D:2:      layout_rooms
D:3:      layout_basic
D:4:      layout_basic, nicolae_ossuary_entry_plus, nicolae_hexahallways,
          uniq_pikel

Skill      XL: |  1  2  3  4  5 |
---------------+----------------+-----
Axes           | 2 3 4 5 |  5.0
Fighting       | |  3.3
Armour         | |  3.2
Shields        | |  3.2

Action                     |  1- 3 |  4- 6 || total
---------------------------+-------+-------++-------
  Melee: War axe           |    82 |    56 ||   138
         Broad axe         |       |    11 ||    11
    Use: Scroll            |     3 |     2 ||     5
         Potion            |     1 |       ||     1
 Armour: Scale mail        |    39 |    31 ||    70
  Dodge: Dodged            |    32 |    40 ||    72
  Block: Buckler           |    17 |    11 ||    28

Table legend:
 A = Non-vault XP
 B = Vault XP
 C = Vault XP percentage of total XP
 D = Non-vault monster count
 E = Vault monster count
 F = Vault count percentage of total count
                 A         B        C        D         E       F
            +---------+---------+-------+---------+---------+-------
      Total |     234 |       4 |   1.7 |      54 |       2 |   3.6
            +---------+---------+-------+---------+---------+-------
        D:1 |      45 |       4 |   8.2 |      24 |       2 |   7.7
        D:2 |      34 |       0 |   0.0 |       6 |       0 |   0.0
        D:3 |     153 |       0 |   0.0 |      23 |       0 |   0.0
        D:4 |       2 |       0 |   0.0 |       1 |       0 |   0.0
            +---------+---------+-------+---------+---------+-------
